 Dungeon Crawl Stone Soup version 0.29-a0-584-gb10a8bf730 (webtiles) character file.

Game seed: 14113269621681306178

42710 pmpknPie the Severer (level 13, -1/125 HPs)
             Began as a Minotaur Berserker on June 15, 2022.
             Was a High Priest of Trog.
             Slain by a six-headed hydra (7 damage)
             ... on level 1 of the Swamp.
             The game lasted 01:44:32 (16004 turns).

pmpknPie the Severer (Minotaur Berserker)          Turns: 16004, Time: 01:44:33

Health: -1/125     AC: 32    Str: 25    XL:     13   Next: 86%
Magic:  12/12      EV:  9    Int:  8    God:    Trog [*****.]
Gold:   1014       SH:  0    Dex: 12    Spells: 12/12 levels left

rFire   . . .      SeeInvis .   d - +10 great mace of Retiops {flame, rElec rC+ rCorr Int+4}
rCold   + . .      Faith    .   (shield currently unavailable)
rNeg    . . .      Spirit   .   h - +1 plate armour
rPois   +          Reflect  .   (helmet restricted)
rElec   +          Harm     .   R - +1 cloak
rCorr   +          Rampage  .   u - +2 pair of gloves
Will    .....                   Q - +2 pair of boots
Stlth   ..........              P - amulet of regeneration
HPRegen 1.10/turn               n - ring of poison resistance
MPRegen 0.13/turn               t - +4 ring of protection

@: on berserk cooldown, hasted and slowed
A: horns 2, retaliatory headbutt
a: Renounce Religion, Berserk, Trog's Hand, Brothers in Arms


You were on level 1 of the Swamp.
You worshipped Trog.
Trog was extremely pleased with you.
You visited 4 branches of the dungeon, and saw 17 of its levels.
You also visited: Ossuary and Gauntlet.

You collected 1141 gold pieces.
You spent 127 gold pieces at shops.

Inventory:

Hand Weapons
 d - the +10 great mace of Retiops (weapon) {flame, rElec rC+ rCorr Int+4}
   (You found it in a Gauntlet)

   It burns those it strikes, dealing additional fire damage.
   Int:       It affects your intelligence (+4).
   rC:        It protects you from cold.
   rElec:     It insulates you from electricity.
   rCorr:     It protects you from acid and corrosion.
 v - a +2 battleaxe of flaming
 S - a +1 broad axe of flaming
 W - the +7 trident of Tumult {vorpal, rC+ MP+9 Str+2}
   (You took it off a minotaur in a Gauntlet)

   It inflicts extra damage upon your enemies.
   Str:       It affects your strength (+2).
   rC:        It protects you from cold.
   MP:        It affects your magic capacity (+9).
Missiles
 C - 6 throwing nets (quivered)
 X - 5 silver javelins
Armour
 h - a +1 plate armour (worn)
 j - a +0 tower shield
 l - a scarf of repulsion
 u - a +2 pair of gloves (worn)
 Q - a +2 pair of boots (worn)
 R - a +1 cloak (worn)
 U - the +0 cloak "Secil" {rC+ Int+2 Dex+3 Slay-6}
   (You found it in a Gauntlet)

   Int:       It affects your intelligence (+2).
   Dex:       It affects your dexterity (+3).
   Slay:      It affects your accuracy & damage with ranged weapons and melee
   (-6).
   rC:        It protects you from cold.
Jewellery
 n - a ring of poison resistance (left hand)
 t - a +4 ring of protection (right hand)
 E - a ring of see invisible
 I - a ring of protection from cold
 N - the ring "Sohoaloh" {rN+ rCorr}
   (You found it on level 3 of the Lair of Beasts)

   [ring of positive energy]

   rN:        It protects you from negative energy.
   rCorr:     It protects you from acid and corrosion.
 P - an amulet of regeneration (around neck)
 V - the amulet "Guhuor" {Reflect rPois rN+ SH+5}
   (You took it off a minotaur in a Gauntlet)

   [amulet of reflection]

   It reflects blocked missile attacks.
   rPois:     It protects you from poison.
   rN:        It protects you from negative energy.
   SH:        It affects your SH (+5).
Wands
 a - a wand of mindburst (5)
 F - a wand of acid (14)
 L - a wand of charming (5)
 M - a wand of polymorph (7)
 Y - a wand of iceblast (11)
 Z - a wand of digging (7)
Scrolls
 c - 6 scrolls of identify
 g - 6 scrolls of fear
 k - 2 scrolls of fog
 p - 7 scrolls of enchant weapon
 w - 2 scrolls of torment
 x - 5 scrolls of teleportation
 B - 2 scrolls of acquirement {unknown}
 G - 2 scrolls of poison
 K - 2 scrolls of brand weapon
Potions
 b - a potion of heal wounds
 f - 2 potions of ambrosia
 i - 3 potions of berserk rage
 o - 3 potions of might
 q - 3 potions of flight
 r - 4 potions of mutation
 s - 7 potions of haste
 z - a potion of brilliance
 D - a potion of attraction {unknown}
 H - 8 potions of curing
 J - a potion of resistance
 T - 4 potions of lignification
Miscellaneous
 e - a phantom mirror
 m - a box of beasts
 A - a condenser vane


   Skills:
 + Level 14.9 Fighting
 + Level 16.9(18.0) Axes
 * Level 10.7(15.0) Maces & Flails
 + Level 15.5 Armour
 - Level 3.0 Dodging


You had 12 spell levels left.
You didn't know any spells.
Your spell library was empty.

Dungeon Overview and Level Annotations

Branches:
Dungeon (11/15)            Temple (0/1) D:7            Lair (4/6) D:11
  Swamp (1/4) Lair:4       Spider (1/4) Lair:2      Ossuary (visited)
Gauntlet (visited)
    Orc: D:9-12

Altars:
Fedhas
Gozag
Hepliaklqana
Makhleb
Ru
Trog
Xom

Shops:
D:2 *

Annotations:
Spider:1 Mlioglotl


Innate Abilities, Weirdness & Mutations

You have a pair of horns on your head.
You reflexively headbutt those who attack you in melee.


Message History

* * * LOW HITPOINT WARNING * * *
A swamp worm comes into view.
The will-o-the-wisp blinks!
The bog body touches you but does no damage.
The swamp worm fires a harpoon shot at you.
The harpoon shot misses you. The bog body misses you.
The six-headed hydra bites you but does no damage.
The six-headed hydra bites you.
* * * LOW HITPOINT WARNING * * *
The six-headed hydra bites you but does no damage. x3
The six-headed hydra bites you!
* * * LOW HITPOINT WARNING * * *
You feel much better.
The swamp worm fires a harpoon shot at you.
The harpoon shot hits you but does no damage.
The will-o-the-wisp gestures.
The will-o-the-wisp conjures some foxfire!
The bog body gestures at you while chanting.
You feel as though you will be slow longer.
The six-headed hydra barely misses you. The six-headed hydra bites you.
* * * LOW HITPOINT WARNING * * *
The six-headed hydra bites you but does no damage. x2
The six-headed hydra bites you!
* * * LOW HITPOINT WARNING * * *
The six-headed hydra bites you but does no damage.
The swamp worm fires a harpoon shot at you.
The harpoon shot misses you. 2 foxfires come into view.
You feel yourself speed up.
The foxfire hits you but does no damage.
The foxfire hits you.
* * * LOW HITPOINT WARNING * * *
The bog body casts a spell at you. The bolt of cold hits you! You resist.
* * * LOW HITPOINT WARNING * * *
The six-headed hydra misses you. You furiously retaliate!
You headbutt the six-headed hydra!
The six-headed hydra bites you but does no damage.
The six-headed hydra barely misses you. The six-headed hydra bites you!
You die...

..♣ ...≈.=≈
≈...... .♣♣
.≈.≈.≈..≈≈.≈..≈.
..♣
..≈≈.≈...≈.≈≈..≈
.♣♣
♣≈.....♣.≈.≈≈.≈≈
♣♣
..≈≈≈.....§..≈..
♣
♣.≈.§≈.≈...≈..≈≈
♣
♣.≈...≈..≈....≈≈
♣ ♣♣..D(≈≈≈..≈ ♣
♣.§n@..$○≈..
≈)..≈.v§..≈....
≈....§§§.....≈..
≈..≈♣.....≈≈....
.....§.....≈≈≈..
..≈§≈.≈♣♣♣♣.♣♣♣♣
≈♣..... w.
..≈≈.≈ ≈≈≈


You could see a six-headed hydra, a will-o-the-wisp, a bog body and a swamp
worm.

Vanquished Creatures
  Nessos (Lair:4)
  A minotaur (Gauntlet)
  The ghost of Goddom the Grappler, a journeyman TrFi of Cheibriados (Lair:3)
  Josephine (D:10)
  A boulder beetle (Lair:3)
  Harold (D:9)
  5 hydras
  A two-headed ogre (D:11)
  A death yak (Lair:3)
  A fire crab (Lair:3)
  An ugly thing (D:11)
  2 large abominations (Gauntlet)
  2 elephants (Lair:3)
  4 black mambas
  11 cane toads
  A gargoyle (D:10)
  3 rime drakes
  6 komodo dragons
  A polar bear (Lair:2)
  3 tyrant leeches (Lair:4)
  A hornet (D:9)
  13 blink frogs
  8 dream sheep
  A culicivora (Lair:2)
  2 shadows
  6 wraiths
  37 yaks
  5 wyverns
  Eustachio (D:6)
  6 basilisks
  2 vampire mosquitoes (D:11)
  10 small abominations (Gauntlet)
  Grum (D:11)
  2 steam dragons
  A redback (Lair:2)
  16 water moccasins
  2 swamp worms
  Duvessa (D:6)
  A black bear (D:7)
  2 orc warriors (D:9)
  A swamp drake (Swamp:1)
  2 ice beasts
  2 ogres
  24 wolves
  7 centaurs
  A phantom (D:6)
  3 elf zombies (Ossuary)
  14 bullfrogs
  2 gnoll sergeants (D:9)
  2 kobold brigands
  A necrophage (D:6)
  14 wights
  Dowan (D:6)
  12 killer bees
  A howler monkey (D:9)
  2 centaur zombies (Ossuary)
  2 gnoll shamans
  8 hounds
  4 orc priests
  3 jellies
  A hell rat (Lair:3)
  5 orc wizards
  3 mummies (Ossuary)
  13 gnolls
  8 adders
  3 shadow imps
  3 white imps
  A worm zombie (D:5)
  6 adder zombies (Ossuary)
  2 worms (D:3)
  5 dart slugs
  20 orcs
  5 ball pythons
  6 bats
  12 endoplasms
  4 giant cockroaches
  4 gnoll zombies (Ossuary)
  6 goblins
  9 hobgoblins
  4 iguanas
  10 jackals
  4 quokkas
  6 frilled lizards
  5 goblin zombies (Ossuary)
  3 hobgoblin zombies (Ossuary)
  5 jackal zombies (Ossuary)
  8 kobolds
  2 kobold zombies (Ossuary)
  2 orc zombies (Ossuary)
  2 quokka zombies (Ossuary)
  8 rats
  2 rat zombies
449 creatures vanquished.

Vanquished Creatures (collateral kills)
  A boulder beetle (D:10)
  2 large abominations (Gauntlet)
  2 small abominations (Gauntlet)
5 creatures vanquished.

Vanquished Creatures (others)
  5 demonic plants (Gauntlet)
  6 foxfires (Swamp:1)
  5 fungi
  40 plants
56 creatures vanquished.

Grand Total: 510 creatures vanquished

Notes
Turn   | Place    | Note
-------+----------+-------------------------------------------
     0 | D:1      | pmpknPie the Minotaur Berserker began the quest for the
                  | Orb.
     0 | D:1      | Reached XP level 1. HP: 19/19 MP: 0/0
   223 | D:1      | Reached XP level 2. HP: 27/27 MP: 1/1
   265 | D:1      | Reached skill level 4 in Axes
   538 | D:1      | Found a faded altar of an unknown god.
   591 | D:1      | Reached XP level 3. HP: 33/33 MP: 2/2
   666 | D:1      | Reached ** piety under Trog
  1259 | D:2      | Reached XP level 4. HP: 40/40 MP: 3/3
  1401 | D:2      | Found Atus's Assorted Antiques.
  1404 | D:2      | Bought a pair of runed gloves for 127 gold pieces
  1763 | D:3      | Reached *** piety under Trog
  2166 | D:3      | Reached skill level 5 in Axes
  2197 | D:3      | Reached XP level 5. HP: 47/47 MP: 4/4
  2955 | D:4      | Reached XP level 6. HP: 53/53 MP: 5/5
  2969 | D:4      | Reached **** piety under Trog
  2970 | D:4      | Reached skill level 5 in Armour
  2979 | D:4      | Reached skill level 5 in Fighting
  2979 | D:4      | Reached skill level 6 in Axes
  3396 | D:4      | Reached XP level 7. HP: 27/60 MP: 6/6
  4021 | D:5      | Entered Level 5 of the Dungeon
  4118 | D:5      | Reached skill level 7 in Axes
  4405 | D:5      | Found a sand-covered staircase.
  4423 | Ossuary  | Entered an ossuary
  4634 | Ossuary  | Reached ***** piety under Trog
  4636 | Ossuary  | Reached XP level 8. HP: 70/70 MP: 7/7
  5010 | D:5      | Reached skill level 8 in Axes
  5430 | D:6      | Noticed Eustachio
  5491 | D:6      | Killed Eustachio
  5838 | D:6      | Found a shimmering altar of Xom.
  5853 | D:6      | Noticed Duvessa
  5857 | D:6      | Noticed Dowan
  5873 | D:6      | Killed Duvessa
  5881 | D:6      | Killed Dowan
  5882 | D:6      | Reached skill level 9 in Axes
  6266 | D:7      | Reached XP level 9. HP: 76/79 MP: 8/8
  6452 | D:7      | Found a staircase to the Ecumenical Temple.
  6840 | D:7      | Found an opulent altar of Gozag.
  6847 | D:7      | Reached skill level 10 in Axes
  7128 | D:7      | Reached skill level 10 in Armour
  7444 | D:8      | Found a bloodstained altar of Trog.
  7445 | D:8      | Found a burning altar of Makhleb.
  7445 | D:8      | Found a hazy altar of Hepliaklqana.
  7587 | D:8      | Found a sacrificial altar of Ru.
  7729 | D:8      | Reached skill level 11 in Axes
  8170 | D:9      | Reached XP level 10. HP: 82/90 MP: 9/9
  8332 | D:9      | Received a gift from Trog
  8390 | D:9      | Reached skill level 12 in Axes
  8556 | D:9      | Noticed Harold
  8589 | D:9      | Killed Harold
  9003 | D:10     | Entered Level 10 of the Dungeon
  9092 | D:10     | Noticed a boulder beetle
  9112 | D:10     | Killed a boulder beetle
  9113 | D:10     | Reached skill level 10 in Fighting
  9113 | D:10     | Reached skill level 13 in Axes
  9142 | D:10     | Reached XP level 11. HP: 100/100 MP: 10/10
  9310 | D:10     | Noticed Josephine
  9321 | D:10     | Killed Josephine
  9525 | D:10     | Found a blossoming altar of Fedhas.
  9979 | D:11     | Noticed a white ugly thing
  9993 | D:11     | Killed a white ugly thing
 10236 | D:11     | Reached skill level 14 in Axes
 10265 | D:11     | Found a gate leading to a gauntlet.
 10288 | Gauntlet | Entered a Gauntlet
 10288 | Gauntlet | Found a transporter.
 10288 | Gauntlet | Found a transporter.
 10294 | Gauntlet | Found a transporter.
 10295 | Gauntlet | Found a transporter.
 10298 | Gauntlet | Found a transporter.
 10298 | Gauntlet | Found a transporter.
 10332 | Gauntlet | Found a transporter.
 10336 | Gauntlet | Found a transporter.
 10352 | Gauntlet | Found a transporter.
 10361 | Gauntlet | Found a transporter.
 10369 | Gauntlet | Noticed a hell beast
 10376 | Gauntlet | Found a transporter.
 10380 | Gauntlet | Found a transporter.
 10384 | Gauntlet | Noticed a fire crab
 10558 | Gauntlet | Received a gift from Trog
 10619 | Gauntlet | Identified the +0 cloak "Secil" {rC+ Int+2 Dex+3 Slay-6}
 10629 | Gauntlet | Identified the +7 trident of Tumult {vorpal, rC+ MP+9
                  | Str+2}
 10629 | Gauntlet | Identified the amulet "Guhuor" {Reflect rPois rN+ SH+5}
 10629 | Gauntlet | Noticed a minotaur
 10638 | Gauntlet | Killed a minotaur
 10719 | Gauntlet | Identified the +10 great mace of Retiops {flame, rElec rC+
                  | rCorr Int+4}
 10809 | D:11     | Noticed a two-headed ogre
 11019 | D:11     | Found a staircase to the Lair.
 11035 | D:11     | Killed a two-headed ogre
 11036 | D:11     | Reached skill level 15 in Axes
 11058 | D:11     | Reached XP level 12. HP: 108/113 MP: 11/11
 11307 | D:11     | Noticed Grum
 11316 | D:11     | Killed Grum
 11601 | Lair:1   | Entered Level 1 of the Lair of Beasts
 11704 | Lair:1   | Reached skill level 1 in Maces & Flails
 11982 | Lair:1   | Noticed a five-headed hydra
 12001 | Lair:1   | Killed a five-headed hydra
 12102 | Lair:1   | Reached skill level 5 in Maces & Flails
 12922 | Lair:2   | Found a hole to the Spider Nest.
 13016 | Lair:2   | Reached skill level 16 in Axes
 13607 | Spider:1 | Entered Level 1 of the Spider Nest
 13609 | Spider:1 | Noticed Mlioglotl
 13611 | Spider:1 | Noticed a Hell Sentinel
 13618 | Lair:2   | Received a gift from Trog
 13717 | Lair:3   | Reached XP level 13. HP: 122/123 MP: 12/12
 13783 | Lair:3   | Noticed Goddom's ghost (journeyman TrFi)
 13784 | Lair:3   | Found a runed translucent door.
 13824 | Lair:3   | Identified the ring "Sohoaloh" {rN+ rCorr}
 14113 | Lair:3   | Reached skill level 15 in Armour
 14694 | Lair:3   | Killed Goddom's ghost
 14747 | Lair:4   | Noticed Nessos
 14758 | Lair:4   | Killed Nessos
 14858 | Lair:4   | Reached skill level 10 in Maces & Flails
 15391 | Lair:4   | Found a staircase to the Swamp.
 15942 | Swamp:1  | Entered Level 1 of the Swamp
 15984 | Swamp:1  | Noticed a fenstrider witch
 15986 | Swamp:1  | Paralysed by a fenstrider witch for 2 turns
 16004 | Swamp:1  | HP: 6/125 [bog body/bolt of cold (13)]
 16004 | Swamp:1  | Slain by a six-headed hydra

Illustrated notes

Levels and vault maps discovered:
D:1:      dpeg_arrival_arbitrary_c, layout_basic,
          ebering_ecumenical_altar_sacrificial,
          hangedman_abyss_or_decor_lesser_grid, fountainhead
D:2:      minmay_alternating_diamond, layout_basic, serial_shops,
          nicolae_shop_behind_doors, patterned_corridor
D:3:      minmay_chambers_of_twos, layout_rooms, interstate_on_off,
          minmay_fractal_squares_gapless_5
D:4:      layout_basic, minmay_misc_feat_four_crosses, minmay_starry_boxes
D:5:      layout_basic, enter_ossuary_3
D:6:      layout_rooms, dk_xom_monty_hall, uniq_duvessa, uniq_eustachio
D:7:      layout_basic, grunt_gozag_statues, minmay_temple_entry_wispy
D:8:      layout_basic, nicolae_overflow_quartered_altars
D:9:      layout_basic, minmay_fractal_squares_diagonal_5, uniq_harold
D:10:     layout_stronghold, mainiacjoe_overflow_alcove_1,
          hangedman_abyss_or_decor_stabs, uniq_josephine
D:11:     layout_cave_pods, minmay_lair_entry_grove, gauntlet_entry_generic,
          amcnicky_mini_pool_small, uniq_grum
Lair:1:   layout_misc_corridors
Lair:2:   layout_roguey, dummy_spider_entry, minivault_26
Lair:3:   nzn_winding_woodlands_large [nzn_winding_woodlands_5x5_closed_star,
          nzn_winding_woodlands_5x15_sawtooth, nzn_winding_woodlands_5x5_cross,
          nzn_winding_woodlands_center_diamonds,
          nzn_winding_woodlands_15x15_five_gardens,
          nzn_winding_woodlands_center_pierced_h,
          nzn_winding_woodlands_5x5_checkerboard,
          nzn_winding_woodlands_5x15_pool, nzn_winding_woodlands_5x5_default],
          layout_loops_ring, hellmonk_ghost_happy_afterlife, lemuel_fruit_tree
Lair:4:   layout_cave_pods, minmay_swamp_entry_worms, lemuel_fruit_fields,
          grunt_megastairs_5, serial_bayou_shore_a, uniq_nessos
Swamp:1:  nicolae_swamp_ascending_descending, layout_falls_marsh,
          evilmike_swamp_ruin_house_4
Spider:1: layout_chambers, uniq_mlioglotl

Skill      XL: |  1  2  3  4  5  6  7  8  9 10 11 12 13 |
---------------+----------------------------------------+-----
Axes           | 4 5 6 7 9 11 13 15 16 | 16.9
Fighting       | 4 5 6 7 8 10 12 13 14 | 14.9
Armour         | 3 4 5 7 9 11 12 13 14 15 | 15.5
Dodging        | 3 |  3.0
Maces & Flails | 7 10 | 10.7

Action                   |  1- 3 |  4- 6 |  7- 9 | 10-12 | 13-15 || total
-------------------------+-------+-------+-------+-------+-------++-------
Melee: Hand axe          |    94 |   166 |   399 |    50 |       ||   709
       Headbutt          |    18 |    22 |    80 |    97 |    46 ||   263
       Punch             |     2 |     2 |     7 |     2 |       ||    13
       Unarmed           |       |       |     1 |       |       ||     1
       Battleaxe         |       |       |       |   239 |       ||   239
       Great mace        |       |       |       |   152 |   215 ||   367
Invok: Trog's Hand       |       |     1 |       |       |       ||     1
       Berserk           |       |       |     2 |     4 |     3 ||     9
       Brothers in Arms  |       |       |       |     5 |       ||     5
  Use: Potion            |       |     4 |     2 |     3 |     4 ||    13
       Scroll            |       |     3 |    14 |     5 |     7 ||    29
 Stab: Distracted        |       |       |       |     1 |       ||     1
Armor: Plate armour      |    55 |    94 |   266 |   390 |   300 ||  1105
       Animal skin       |     3 |       |       |       |       ||     3
       Skin              |       |    10 |       |       |       ||    10
Dodge: Dodged            |    37 |    50 |   143 |   205 |   133 ||   568

Table legend: (Time is in decaauts)
 A = Elapsed time spent in this place.
 B = Non-inter-level travel time spent in this place.
 C = Inter-level travel time spent in this place.
 D = Time resting spent in this place.
 E = Time spent auto-exploring this place.
 F = Levels seen in this place.
 G = Mean time per level.
                   A        B        C        D        E       F      G
               +--------+--------+--------+--------+--------+-----+--------+
         Total |  16057 |  14804 |   1253 |   1486 |   9435 |  19 |  845.1 |
       Dungeon |  11123 |  10043 |   1080 |   1072 |   6448 |  11 | 1011.2 |
          Lair |   3840 |   3668 |    172 |    197 |   2659 |   4 |  960.0 |
         Swamp |     69 |     69 |      0 |      0 |     38 |   1 |   69.0 |
   Spider Nest |      5 |      5 |      0 |      0 |      0 |   1 |    5.0 |
       Ossuary |    513 |    513 |      0 |    100 |    226 |   1 |  513.0 |
      Gauntlet |    504 |    504 |      0 |    117 |     63 |   1 |  504.0 |
               +--------+--------+--------+--------+--------+-----+--------+

Top non-repeatable levels by time:
     D:4: 1303 daAuts
    D:11: 1274 daAuts
  Lair:4: 1206 daAuts
     D:7: 1174 daAuts
     D:3: 1131 daAuts
  Lair:3: 1070 daAuts
    D:10: 1066 daAuts
     D:9: 943 daAuts
     D:6: 918 daAuts
     D:2: 915 daAuts
     D:1: 853 daAuts
     D:5: 823 daAuts
  Lair:2: 799 daAuts
  Lair:1: 762 daAuts
     D:8: 719 daAuts
